 Dungeon Crawl Stone Soup version 0.32-a0-799-g95e1662365 (webtiles) character file.

Game seed: 15643428486681215876

53 adelrune the Chopper (level 3, 28/28 HPs)
             Began as a Demonspawn Gladiator on Mar 21, 2024.
             Was a Follower of Vehumet.
             Got out of the dungeon alive.
             The game lasted 00:01:57 (1063 turns).

adelrune the Chopper (Demonspawn Gladiator)         Turns: 1063, Time: 00:01:57

Health: 28/28      AC:  8    Str: 16    XL:     3   Next: 64%
Magic:  12/12      EV: 10    Int:  8    God:    Vehumet [*.....]
Gold:   62         SH:  0    Dex: 14    Spells: 2/2 levels left

rFire   . . .        a - +0 war axe
rCold   . . .        (no shield)
rNeg    . . .        h - +0 ring mail
rPois   .            c - +0 helmet
rElec   .            i - +1 cloak
rCorr   .            (no gloves)
SInv    .            (no boots)
Will    .....        n - amulet of magic regeneration
Stlth   +            r - ring of magical power
HPRegen 0.24/turn    (no ring)
MPRegen 0.53/turn

%: no passive effects
@: no status effects
A: foul stench 1
a: Renounce Religion


You escaped.
You worshipped Vehumet.
Vehumet was aware of your devotion.
You visited 1 branch of the dungeon, and saw 2 of its levels.

You collected 62 gold pieces.

Inventory:

Hand Weapons
 a - a +0 war axe (weapon)
Missiles
 d - 5 throwing nets (quivered)
 e - a javelin
Armour
 b - a +0 leather armour
 c - a +0 helmet (worn)
 h - a +0 ring mail (worn)
 i - a +1 cloak (worn)
Jewellery
 n - an amulet of magic regeneration (around neck)
 r - a ring of magical power (left hand)
 s - a +6 ring of strength
Scrolls
 f - a scroll of amnesia {unknown}
 k - 3 scrolls of noise {unknown}
 q - a scroll of teleportation {unknown}
Potions
 g - a potion of haste {unknown}
 j - a potion of lignification {unknown}
 l - 2 potions of curing {unknown}
 m - a potion of heal wounds {unknown}
 o - a potion of might {unknown}
 p - a potion of enlightenment {unknown}


   Skills:
 + Level 2.6 Fighting
 * Level 3.6 Axes
 - Level 1.7 Throwing
 + Level 1.2 Armour
 - Level 2.6 Dodging


You had 2 spell levels left.
You didn't know any spells.
Your spell library contained the following spells:

 Spells                   Type           Power      Damage    Failure   Level
 Foxfire                  Conj/Fire      0%         2x1d4     63%         1
 Frozen Ramparts          Ice            0%         1d1       94%         3
 Fugue of the Fallen      Necr           0%         N/A       94%         3
 Ozocubu's Armour         Ice            0%         N/A       94%         3
 Manifold Assault         Tloc           0%         N/A       100%        4
 Metabolic Englaciation   Hex/Ice        0%         N/A       100%        5


Dungeon Overview and Level Annotations

Branches:
Dungeon (2/15)

Altars:
Dithmenos
Vehumet


Innate Abilities, Weirdness & Mutations

You may rarely emit foul miasma when damaged in melee.


Message History

The ball python is severely wounded.
The ball python bites you. The ball python constricts you.
The ball python bites you but does no damage.
The ball python constricts you.
You barely miss the ball python.
The ball python is severely wounded.
The ball python bites you but does no damage.
The ball python constricts you.
You slash the ball python!
You kill the ball python!
Vehumet accepts your kill.
No target in view!
You see here a +0 robe.
A goblin comes into view. It is wielding a +0 club.
The goblin hits you with a +0 club.
You hit the goblin.
The goblin is heavily wounded.
The goblin closely misses you.
You closely miss the goblin.
The goblin is moderately wounded.
The goblin hits you but does no damage.
You hit the goblin.
The goblin is heavily wounded.
The goblin hits you but does no damage.
You hit the goblin.
You kill the goblin!
Vehumet accepts your kill.
No target in view!
No target in view!
No target in view!
What level of the Dungeon? (default 1, ? - help)
You see here a +0 robe.
There is a stone staircase leading up here.
You climb upwards.
There is a stone staircase leading down here.
Things that are here:
a +0 dagger; a goblin skeleton You see here a +0 short sword.
There is a staircase leading out of the dungeon here.
You have escaped!

#..# #.# #.....# #..# #.#
#.....# ######..# #.#
#.....## ........######.#
##.....# ....)..........#
#####.#
#######[############.....#
#.# ###........# #.#
#...#......# #.#
#.@.#......# #######.#
####...#.##...# ......#.#
#..#####.##...# ......รท.#
#.#..#........# #####.###
#...########### #.# ##.##
#.# #.# #.# #.#
#####.#######.#


There were no monsters in sight!

Vanquished Creatures
  An adder (D:2)
  3 dart slugs
  4 endoplasms
  2 giant cockroaches
  4 goblins
  A hobgoblin (D:1)
  3 kobolds
  3 quokkas
  6 ball pythons
  5 frilled lizards
  4 rats
36 creatures vanquished.

Notes
Turn   | Place    | Note
-------+----------+-------------------------------------------
     0 | D:1      | adelrune the Demonspawn Gladiator began the quest for the
                  | Orb.
     0 | D:1      | Reached XP level 1. HP: 16/16 MP: 1/1
    91 | D:1      | Reached skill level 3 in Axes
   181 | D:1      | Gained mutation: You may rarely emit foul miasma when
                  | damaged in melee. [demonic ancestry]
   181 | D:1      | Reached XP level 2. HP: 20/22 MP: 2/2
   224 | D:1      | Found Jeig's Magic Scroll Shop.
   781 | D:2      | Found a shadowy altar of Dithmenos.
   787 | D:2      | Reached skill level 1 in Armour
   787 | D:2      | Reached XP level 3. HP: 28/28 MP: 3/3
   897 | D:2      | Found a faded altar of an unknown god.
   905 | D:2      | Prayed at the altar of an unknown god.
   905 | D:2      | Became a worshipper of Vehumet
   905 | D:2      | Reached * piety under Vehumet
   905 | D:2      | Offered knowledge of Foxfire by Vehumet.
  1063 | D:$      | Got out of the dungeon alive.

Illustrated notes

Levels and vault maps discovered:
D:1:      amcnicky_arrival_single_pillar, layout_loops_ring, serial_shops,
          shop_scrolls
D:2:      layout_loops_ring, hellmonk_ecumenical_altar_run_dry, basic_altar

Skill      XL: |  1  2 |
---------------+-------+-----
Axes           | 3 |  3.6
Armour         | 1 |  1.2
Fighting       | |  2.6
Throwing       | |  1.7
Dodging        | |  2.6

Action                     || total
---------------------------++-------
  Melee: War axe           ||    92
 Armour: Leather armour    ||    11
         Ring mail         ||    42
  Dodge: Dodged            ||    55

Table legend: (Time is in decaauts)
 A = Elapsed time spent in this place.
 B = Non-inter-level travel time spent in this place.
 C = Inter-level travel time spent in this place.
 D = Time resting spent in this place.
 E = Time spent auto-exploring this place.
 F = Levels seen in this place.
 G = Mean time per level.
                   A        B        C        D        E       F      G
               +--------+--------+--------+--------+--------+-----+--------+
         Total |   1094 |    987 |    107 |      0 |    719 |   2 |  547.0 |
       Dungeon |   1094 |    987 |    107 |      0 |    719 |   2 |  547.0 |
               +--------+--------+--------+--------+--------+-----+--------+

Top non-repeatable levels by time:
     D:1: 831 daAuts
     D:2: 263 daAuts
